 Dungeon Crawl Stone Soup version 0.29-a0-902-g0f71de6fce (webtiles) character file.

Game seed: 15702212932559791176

38 magipi the Twirler (level 3, -1/29 HPs)
             Began as a Minotaur Wanderer on July 24, 2022.
             Slain by Sigmund
             ... wielding a +0 scythe
              (10 damage)
             ... on level 2 of the Dungeon.
             The game lasted 00:03:37 (1161 turns).

magipi the Twirler (Minotaur Wanderer)              Turns: 1161, Time: 00:03:37

Health: -1/29      AC: 10    Str: 17    XL:     3   Next: 25%
Magic:  3/3        EV:  5    Int: 11    God:
Gold:   132        SH:  0    Dex:  8    Spells: 3/4 levels left

rFire   . . .      SeeInvis .   a - +2 quarterstaff
rCold   . . .      Faith    .   (shield currently unavailable)
rNeg    . . .      Spirit   .   e - +0 plate armour
rPois   .          Reflect  .   (helmet restricted)
rElec   .          Harm     .   (no cloak)
rCorr   .          Rampage  .   (no gloves)
Will    .....                   (no boots)
Stlth   ..........              (no amulet)
HPRegen 0.09/turn               (no ring)
MPRegen 0.08/turn               (no ring)

@: no status effects
A: horns 2, retaliatory headbutt
a: no special abilities


You were on level 2 of the Dungeon.
You visited 1 branch of the dungeon, and saw 2 of its levels.

You collected 132 gold pieces.

Inventory:

Hand Weapons
 a - a +2 quarterstaff (weapon)
Missiles
 b - 9 boomerangs (quivered)
Armour
 e - a +0 plate armour (worn)
   (You found it on level 1 of the Dungeon)
 g - a +1 leather armour of cold resistance
   (You found it on level 1 of the Dungeon)
Scrolls
 c - 6 scrolls of identify {unknown}
 d - 2 scrolls of teleportation
 f - a scroll of butterflies {unknown}
 h - 2 scrolls of poison {unknown}
 j - a scroll of enchant armour {unknown}
Potions
 i - 2 potions of curing {unknown}


   Skills:
 + Level 2.0 Fighting
 * Level 3.4 Staves
 + Level 2.4 Throwing
 + Level 2.0 Armour
 - Level 1.0 Stealth
 - Level 1.0 Spellcasting
 - Level 1.3 Translocations


You had 3 spell levels left.
You knew the following spells:

 Your Spells              Type           Power      Damage    Failure   Level
a - Apportation           Tloc           6%         N/A       100%        1

Your spell library contained the following spells:

 Spells                   Type           Power      Damage    Failure   Level
 Ensorcelled Hibernation  Hex/Ice        0%         N/A       100%        2
 Inner Flame              Hex/Fire       0%         N/A       100%        3
 Lesser Beckoning         Tloc           3%         N/A       100%        3
 Spider Form              Tmut/Pois      0%         N/A       100%        3
 Anguish                  Hex/Necr       0%         N/A       100%        4
 Cause Fear               Hex            0%         N/A       100%        4
 Discord                  Hex            0%         N/A       100%        8


Dungeon Overview and Level Annotations

Branches:
Dungeon (2/15)

Altars:

Annotations:
D:2 Sigmund


Innate Abilities, Weirdness & Mutations

You have a pair of horns on your head.
You reflexively headbutt those who attack you in melee.


Message History

You now have 64 gold pieces (gained 8).
Found a leather armour.
Found a ring mail.
A goblin comes into view. It is wielding a +0 dagger.
The goblin moves out of view.
The goblin hits you but does no damage.
You closely miss the goblin. The goblin barely misses you.
You miss the goblin. You headbutt the goblin.
You kill the goblin!
Things that are here:
a +0 dagger; a +0 leather armour
Found a robe.
Found a stone staircase leading down.
Found a scroll of teleportation.
A bat and a kobold come into view.
The kobold shouts!
The bat hits you but does no damage. The bat hits you but does no damage.
The bat hits you but does no damage. The bat hits you.
The kobold throws a stone.
The stone hits you but does no damage.
You hit the bat.
The bat is heavily wounded.
The bat hits you but does no damage.
Unknown command.
Unknown command.
You barely miss the kobold. Your headbutt misses the kobold.
The bat hits you but does no damage. x2
The kobold hits you but does no damage.
Unknown command.
You closely miss the bat. Your headbutt misses the bat.
The bat is heavily wounded.
The bat hits you but does no damage. The kobold hits you but does no damage.
Unknown command.
You sock the kobold!
You kill the kobold!
The bat hits you but does no damage.
Your Fighting skill increases to level 2!
The bat hits you but does no damage.
Unknown command.
The bat hits you but does no damage.
Unknown command.
The bat hits you but does no damage. The bat barely misses you.
You furiously retaliate!
You headbutt the bat. You closely miss the bat.
The bat is heavily wounded.
The bat barely misses you. The bat barely misses you.
You sock the bat!
You kill the bat!
Things that are here:
a +0 short sword; 4 stones; a kobold corpse
Found a flail.
Unknown command.
You pick up a book of Dreams and begin reading...
You add the spells Ensorcelled Hibernation, Spider Form and Anguish to your library.
You now have 82 gold pieces (gained 18).
You see here a +0 flail.
You now have 93 gold pieces (gained 11).
You now have 109 gold pieces (gained 16).
c - 6 scrolls labelled MAQAGROBAUN (gained 1)
Found a stone staircase leading down.
Unknown command.
You now have 119 gold pieces (gained 10).
Found a stone staircase leading up.
Unknown command.
A hobgoblin comes into view.
Found 6 stones.
The hobgoblin shouts!
The hobgoblin hits you but does no damage.
You closely miss the hobgoblin.
The hobgoblin hits you but does no damage.
You barely miss the hobgoblin. You headbutt the hobgoblin.
You kill the hobgoblin!
You see here a hobgoblin corpse.
Found a leather armour.
Unknown command.
i - 2 brown potions (gained 1)
A ball python comes into view.
The ball python hisses angrily.
You hit the ball python.
You kill the ball python!
d - 2 scrolls of teleportation (gained 1)
You now have 132 gold pieces (gained 13).
You see here a +0 robe.
Sigmund the Dreaded comes into view.
He is wielding a +0 scythe.
Found a brown potion.
Found a stone staircase leading down.
Sigmund shouts!
Sigmund hits you from afar with a +0 scythe!
Unknown command.
Sigmund hits you with a +0 scythe!
You hit Sigmund.
Sigmund is moderately wounded.
You sock Sigmund!
Sigmund is heavily wounded.
Sigmund hits you with a +0 scythe.
You closely miss Sigmund.
Sigmund is heavily wounded.
Sigmund screams, "Die, monster!"
Sigmund hits you with a +0 scythe!
You die...

#..#............##
#.....#...##......
#.........###...(.
#......#### #.....
##..##....[# #.....
##+++###...###.##.###.....
#...........#......##.....
......###@..........#.....
..... #@#............###
.... #.#.........##....
>.@ #.#.........####.. ..
#.#.........# #.. !
#.#.........# #..
#.#.........# #..
###.........# #..
#.........# #..
#.........# #..


You could see Sigmund.

Vanquished Creatures
  2 dart slugs
  An endoplasm (D:1)
  4 goblins
  4 hobgoblins
  2 jackals (D:1)
  A quokka (D:2)
  2 ball pythons
  5 bats
  A frilled lizard (D:1)
  4 kobolds
  8 rats
34 creatures vanquished.

Vanquished Creatures (others)
  7 toadstools (D:2)
7 creatures vanquished.

Grand Total: 41 creatures vanquished

Notes
Turn   | Place    | Note
-------+----------+-------------------------------------------
     0 | D:1      | magipi the Minotaur Wanderer began the quest for the Orb.
     0 | D:1      | magipi set off with the following items: a +2 quarterstaff,
                  | 9 boomerangs, a +0 dagger, a scroll of teleportation, a +0
                  | leather armour; and the following spell memorised:
                  | Apportation; and the following spells available to
                  | memorise: Lesser Beckoning.
     0 | D:1      | Reached XP level 1. HP: 16/16 MP: 1/1
   163 | D:1      | Found a faded altar of an unknown god.
   300 | D:1      | Reached XP level 2. HP: 21/23 MP: 2/2
   369 | D:1      | Reached skill level 3 in Staves
   726 | D:2      | Reached XP level 3. HP: 19/29 MP: 3/3
  1149 | D:2      | Noticed Sigmund
  1161 | D:2      | Slain by Sigmund

Illustrated notes

Levels and vault maps discovered:
D:1:      tarquinn_simple_flora_water_d, layout_basic, basic_ecumenical_altar,
          minmay_statues_item, kennysheep_pointless_box
D:2:      cheibrodos_fertilizer, layout_rooms, uniq_sigmund

Skill      XL: |  1  2  3 |
---------------+----------+-----
Staves         | 3 |  3.4
Armour         | 2 |  2.0
Fighting       | 2 |  2.0
Throwing       | |  2.4
Stealth        | |  1.0
Spellcasting   | |  1.0
Translocations | |  1.3

Action                   || total
-------------------------++-------
Melee: Quarterstaff      ||    63
       Headbutt          ||     7
Armor: Leather armour    ||     9
       Plate armour      ||    38
Dodge: Dodged            ||    24

Table legend: (Time is in decaauts)
 A = Elapsed time spent in this place.
 B = Non-inter-level travel time spent in this place.
 C = Inter-level travel time spent in this place.
 D = Time resting spent in this place.
 E = Time spent auto-exploring this place.
 F = Levels seen in this place.
 G = Mean time per level.
                   A        B        C        D        E       F      G
               +--------+--------+--------+--------+--------+-----+--------+
         Total |   1170 |   1124 |     46 |     97 |    517 |   2 |  585.0 |
       Dungeon |   1170 |   1124 |     46 |     97 |    517 |   2 |  585.0 |
               +--------+--------+--------+--------+--------+-----+--------+

Top non-repeatable levels by time:
     D:1: 843 daAuts
     D:2: 327 daAuts
